 Dungeon Crawl Stone Soup version 0.20.1-1-g8b1a95d66d (webtiles) character file.

177 Ivernyr the Shooter (level 5, -6/41 HPs)
             Began as a Centaur Hunter on Nov 17, 2017.
             Mangled by an orc
             ... wielding a +0 war axe
              (9 damage)
             ... on level 3 of the Dungeon.
             The game lasted 00:06:31 (2755 turns).

Ivernyr the Shooter (Centaur Hunter)                Turns: 2755, Time: 00:06:31

Health: -6/41      AC:  5    Str: 15    XL:     5   Next: 31%
Magic:  5/5        EV:  9    Int: 11    God:
Gold:   180        SH:  0    Dex:  9    Spells: 4/4 levels left

rFire    . . .     SeeInvis .     - Unarmed
rCold    . . .     Gourm    .   (no shield)
rNeg     . . .     Faith    .   c - +0 leather armour
rPois    .         Spirit   .   (no helmet)
rElec    .         Reflect  .   (no cloak)
rCorr    .         Harm     .   n - +0 pair of gloves
MR       .....                  (no barding)
Stlth    +.........             (no amulet)
Regen    0.2/turn               e - ring of wizardry
MPRegen  0.1/turn               (no ring)

@: very quick
A: hooves 3, deformed body, speed 2, tough skin 3
a: no special abilities


You were on level 3 of the Dungeon.
You were not hungry.

You visited 1 branch of the dungeon, and saw 3 of its levels.

You collected 180 gold pieces.

Inventory:

Hand Weapons
 a - a +1 shortbow
Missiles
 d - 27 arrows
Armour
 c - a +0 leather armour (worn)
 n - a +0 pair of gloves (worn)
Jewellery
 e - a ring of wizardry (left hand)
Wands
 r - a wand of paralysis (12/24)
Scrolls
 b - 2 scrolls of identify {unknown}
 h - 2 scrolls of recharging {unknown}
 i - 2 scrolls of amnesia {unknown}
 k - a scroll of fog {unknown}
 l - a scroll of remove curse {unknown}
 m - a scroll of teleportation {unknown}
Potions
 o - a potion of mutation {unknown}
 p - a potion of brilliance {unknown}
Comestibles
 f - 3 bread rations
 g - a meat ration
 j - 2 royal jellies


   Skills:
 - Level 2.0 Fighting
 * Level 7.2 Bows
 + Level 1.3 Armour
 - Level 1.3 Dodging
 - Level 0.4 Stealth
 + Level 2.6 Unarmed Combat


You had 4 spell levels left.
You didn't know any spells.

Dungeon Overview and Level Annotations

Branches:
Dungeon (3/15)

Altars:
Cheibriados


Innate Abilities, Weirdness & Mutations

You have hooves in place of feet.
Armour fits poorly on your strangely shaped body.
You cover ground very quickly.
You have extremely tough skin. (AC +3)


Message History

The orc hits you from afar with a trident.
You closely miss the orc. The orc hits you but does no damage.
The orc closely misses you.
You hit the orc but do no damage. Your kick misses the orc.
The orc hits you with a war axe.
* * * LOW HITPOINT WARNING * * *
You barely miss the orc. The orc hits you but does no damage. x2
You hit the orc but do no damage. The orc barely misses you.
You closely miss the orc. Your kick misses the orc. The orc closely misses you.
The orc barely misses you.
You closely miss the orc. Your kick misses the orc.
The orc hits you with a war axe.
* * * LOW HITPOINT WARNING * * *
The orc hits you from afar with a trident.
* * * LOW HITPOINT WARNING * * *
You closely miss the orc.
The orc hits you from afar with a trident.
* * * LOW HITPOINT WARNING * * *
The orc hits you with a war axe!
You die...

#.....# #....<..
#.....# #.##.##.
#.....# #.......
#.....# ####..#.
#.....### ##.###
#.......# #.## #
## #.......#
##.###
#...###)#.###.#
##.#. #.(o@....#
.# ##.#
.....o##.##.....
### .....
#....##.## ....
...... # ...
#....... ..
###.#### . .# ..


You could see 2 orcs.

Vanquished Creatures
  A scorpion (D:3)
  An orc priest (D:3)
  2 adders (D:3)
  An ooze (D:1)
  A worm (D:3)
  4 leopard geckos
  7 orcs (D:3)
  4 giant cockroaches (D:2)
  5 goblins
  7 hobgoblins
  2 jackals (D:1)
  6 kobolds
  2 quokkas (D:2)
  10 bats
  4 frilled lizards
  7 rats
64 creatures vanquished.

Notes
Turn   | Place    | Note
-------+----------+-------------------------------------------
     0 | D:1      | Ivernyr the Centaur Hunter began the quest for the Orb.
     0 | D:1      | Reached XP level 1. HP: 17/17 MP: 1/1
   109 | D:1      | Reached XP level 2. HP: 15/24 MP: 2/2
   307 | D:1      | Reached skill level 1 in Unarmed Combat
   779 | D:1      | Reached XP level 3. HP: 28/29 MP: 3/3
  1332 | D:2      | Reached skill level 6 in Bows
  1602 | D:2      | Found a snail-covered altar of Cheibriados.
  2416 | D:3      | Reached XP level 4. HP: 34/36 MP: 4/4
  2446 | D:3      | Reached skill level 1 in Armour
  2495 | D:3      | Reached skill level 7 in Bows
  2495 | D:3      | Reached XP level 5. HP: 28/41 MP: 5/5
  2755 | D:3      | Mangled by an orc

Skill      XL: |  1  2  3  4 |
---------------+-------------+-----
Unarmed Combat | 1 2 |  2.6
Bows           | 6 7 |  7.2
Armour         | 1 |  1.3
Fighting       | |  2.0
Dodging        | |  1.3
Stealth        | |  0.4

Action                   |  1- 3 |  4- 6 || total
-------------------------+-------+-------++-------
Melee: Unarmed           |   206 |    60 ||   266
       Kick              |    40 |    11 ||    51
 Fire: Shortbow          |       |     9 ||     9
  Eat: Chunk             |     2 |     3 ||     5
Armor: Leather armour    |    78 |    16 ||    94
Dodge: Dodged            |   110 |    22 ||   132
